 Dungeon Crawl Stone Soup version 0.23.1-37-gaa34b87 (webtiles) character file.

Game seed: 13978691179927414575

3248 myga the Quickloader (level 10, -3/63 HPs)
             Began as a Kobold Hunter on Mar 25, 2019.
             Was a Follower of Ru.
             Slain by an orc warrior
             ... wielding a cursed -3 trident
              (7 damage)
             ... on level 8 of the Dungeon.
             The game lasted 00:58:50 (7441 turns).

myga the Quickloader (Kobold Hunter)                Turns: 7441, Time: 00:58:50

Health: -3/63      AC: 11    Str: 14    XL:     10   Next: 19%
Magic:  11/11      EV: 22    Int: 13    God:    Ru [*.....]
Gold:   132        SH:  0    Dex: 16    Spells: 6/11 levels left

rFire    . . .     SeeInvis .   w - +2 quarterstaff (chaos)
rCold    . . .     Gourm    .   (shield currently unavailable)
rNeg     . . .     Faith    .   l - +1 robe
rPois    .         Spirit   .   D - +1 helmet
rElec    .         Reflect  .   x - +2 cloak
rCorr    .         Harm     .   A - +2 pair of gloves
MR       .....                  (no boots)
Stlth    +++.......             F - amulet of rage
HPRegen  0.20/turn              r - +3 ring of evasion
MPRegen  0.12/turn              (no ring)

@: berserk cooldown, slowed, very slow
A: small, fangs 1, carnivore, strong 1, magic vulnerability 1, MP-powered wands
a: Renounce Religion, Evoke Berserk Rage


You were on level 8 of the Dungeon.
You worshipped Ru.
Ru was aware of your devotion.
You were very full.

You visited 2 branches of the dungeon, and saw 9 of its levels.
You also visited: Sewer.

You collected 132 gold pieces.

Inventory:

Hand Weapons
 a - a +1 hand crossbow
 w - a +2 quarterstaff of chaos (weapon)
Missiles
 h - 157 arrows (quivered)
 j - 21 poisoned needles
Armour
 l - a +1 robe (worn)
 x - a +2 cloak (worn)
 A - a +2 pair of gloves (worn)
 D - a +1 helmet (worn)
Jewellery
 r - a +3 ring of evasion (left hand)
 F - an amulet of rage (around neck)
Wands
 d - a wand of random effects (12)
Scrolls
 e - a scroll of remove curse
 g - a scroll of immolation
 k - 4 scrolls of teleportation
 m - 4 scrolls of magic mapping
 o - 2 scrolls of amnesia
 s - 4 scrolls of fear
 t - a scroll of noise {unknown}
 y - a scroll of blinking
 z - a scroll of enchant armour
 I - 4 scrolls of fog
 Q - a scroll of silence {unknown}
Potions
 b - a potion of brilliance
 c - a potion of might
 i - 2 potions of heal wounds
 p - 7 potions of curing
 v - 2 potions of degeneration
 B - a potion of haste
 C - a potion of invisibility
 E - a potion of ambrosia {unknown}
 G - a potion of magic {unknown}
 M - a potion of flight {unknown}
Comestibles
 f - 7 rations


   Skills:
 + Level 7.0 Fighting
   Level 0.8 Short Blades
 + Level 5.3 Staves
 + Level 10.2 Crossbows
 + Level 2.1 Armour
 + Level 7.0 Dodging
 + Level 4.0 Stealth
 + Level 1.1 Spellcasting
 + Level 1.7 Transmutations
 + Level 1.4 Evocations


You had 6 spell levels left.
You knew the following spells:

 Your Spells              Type           Power        Failure   Level  Hunger
b - Sticks to Snakes      Tmut           #.......     21%         2    ###....
c - Spider Form           Tmut/Pois      #.........   50%         3    ####...

Your spell library contained the following spells:

 Spells                   Type           Power        Failure   Level  Hunger
 Beastly Appendage        Tmut           #.....       13%         1    ##.....
 Ice Form                 Ice/Tmut       #.......     88%         4    #####..
 Blade Hands              Tmut           #.........   98%         5    ######.


Dungeon Overview and Level Annotations

Branches:
Dungeon (8/15)             Temple (1/1) D:5
   Lair: D:8-11

Altars:
Ashenzari
Cheibriados
Dithmenos
Elyvilon
Fedhas
Gozag
Hepliaklqana
Kikubaaqudgha
Makhleb
Nemelex Xobeh
Okawaru
Qazlal
Ru
Sif Muna
Trog
Uskayaw
Vehumet
Wu Jian
Xom
Yredelemnul
Zin
The Shining One

Annotations:
D:6 misha's ghost, novice MiFi


Innate Abilities, Weirdness & Mutations

You are small and have problems with some larger weapons.
You are carnivorous and can eat meat at any time.
You are slightly vulnerable to magic. (MR-)
You have very sharp teeth.
Your muscles are strong. (Str +2)
You expend magic power (3 MP) to strengthen your wands.


Message History

You feel yourself slow down.
You kill the bullfrog!
Your Fighting skill increases to level 7!
Your Dodging skill increases to level 7!
The orc hits the plant.
Okay, then.
Okay, then.
Okay, then.
As you read the scroll of fear, it crumbles to dust.
You assume a fearsome visage.
The troll looks frightened!
The orc warrior resists with some effort.
The orc looks frightened! x2; The ogre looks frightened!
The shadow imp is unaffected.
The bullfrog skeleton is unaffected.
The shadow imp begins to attack, but is stunned by your will!
The bullfrog skeleton misses you.
The orc warrior splashes around in the water.
The ogre begs, "Please don't kill me!"
The bullfrog skeleton closely misses you.
The orc warrior hits you from afar with a cursed -3 trident!
You die...

...≈≈≈≈≈...P.P...P.P..♣
..≈≈≈≈≈.P.P...P.P.P...
..≈≈≈≈≈oP.P...5.P.P..
..≈≈≈≈O.P.P.P.P.....
..≈≈≈≈o.P.P.P.P....
..≈≈≈≈≈≈..P{P..(P.
..≈≈≈≈≈oP.{TP...P
..≈≈≈≈≈.P...P.P.
...≈≈≈≈Z@.......
...≈≈≈≈PPPPP.P..
..≈≈≈≈..........
≈≈≈≈≈≈PP.PPPP...
≈≈≈≈≈≈..........
≈≈≈≈≈≈.PPPPPP.PP
≈≈≈≈≈≈..........
≈≈≈≈≈PPPP.P.P.P


You could see a troll (fleeing), an orc warrior, an ogre (fleeing), a shadow
imp, 2 orcs and a bullfrog skeleton.

Vanquished Creatures
  4 yaks (D:6)
  An ice beast (D:8)
  3 phantoms
  An ogre (D:7)
  A centaur (D:7)
  10 bullfrogs
  A water moccasin zombie (D:7)
  A scorpion (D:4)
  3 killer bees (D:7)
  2 crimson imps
  3 centaur zombies
  A hound (D:4)
  Crazy Yiuf (D:2)
  2 jellies (D:7)
  2 bullfrog skeletons
  Jessica (D:3)
  Ijyb (D:4)
  4 iguanas
  2 orc wizards (D:4)
  3 worker ants
  A worker ant zombie (D:7)
  5 gnolls
  12 adders
  A howler monkey skeleton (D:7)
  6 river rats (Sewer)
  A shadow imp (D:7)
  2 oozes
  5 worms
  4 dart slugs
  7 leopard geckos
  21 orcs
  15 ball pythons
  10 giant cockroaches
  4 goblins (D:2)
  4 hobgoblins
  4 jackals
  6 quokkas
  11 bats
  9 frilled lizards
  A giant cockroach zombie (D:6)
  2 kobolds
  A leopard gecko skeleton (D:7)
  A quokka skeleton (D:5)
  26 rats
  A fungus (D:2)
207 creatures vanquished.

Notes
Turn   | Place    | Note
-------+----------+-------------------------------------------
     0 | D:1      | myga the Kobold Hunter began the quest for the Orb.
     0 | D:1      | Reached XP level 1. HP: 12/12 MP: 1/1
    29 | D:1      | Reached skill level 5 in Crossbows
   159 | D:1      | Reached XP level 2. HP: 17/17 MP: 2/2
   533 | D:1      | Reached XP level 3. HP: 22/22 MP: 0/3
   862 | D:1      | Gained mutation: You have large cloven feet. [potion of
                  | mutation]
   862 | D:1      | Gained mutation: You evolve. [potion of mutation]
   872 | D:2      | Gained mutation: Your muscles are strong. (Str +2)
                  | [evolution]
   956 | D:2      | Reached skill level 6 in Crossbows
   957 | D:2      | Reached XP level 4. HP: 27/27 MP: 4/4
  1667 | D:2      | Gained mutation: Your spells are a little harder to cast,
                  | but a little more powerful. [evolution]
  1696 | D:2      | Reached XP level 5. HP: 32/32 MP: 5/5
  1746 | D:2      | Found a runed translucent door.
  1747 | D:2      | Noticed Crazy Yiuf
  1786 | D:2      | Killed Crazy Yiuf
  1786 | D:2      | Reached skill level 1 in Armour
  1957 | D:3      | Noticed Jessica
  1961 | D:3      | Killed Jessica
  2302 | D:3      | Lost mutation: You evolve. [evolution]
  2775 | D:4      | Reached skill level 7 in Crossbows
  2775 | D:4      | Reached XP level 6. HP: 37/37 MP: 6/6
  2947 | D:4      | Noticed Ijyb
  2967 | D:4      | Killed Ijyb
  3074 | D:4      | Noticed a phantom
  3084 | D:4      | Reached skill level 1 in Staves
  3091 | D:4      | Killed a phantom
  3091 | D:4      | Reached XP level 7. HP: 30/41 MP: 7/7
  3913 | D:4      | Reached XP level 8. HP: 48/48 MP: 8/8
  4238 | D:5      | Entered Level 5 of the Dungeon
  4434 | D:5      | Reached skill level 8 in Crossbows
  4520 | D:5      | Found a staircase to the Ecumenical Temple.
  4529 | Temple   | Entered the Ecumenical Temple
  4714 | Temple   | Became a worshipper of Ru the Awakened
  4780 | D:5      | Learned a level 1 spell: Beastly Appendage
  4783 | D:5      | Learned a level 2 spell: Sticks to Snakes
  4991 | D:6      | Found a transporter.
  4994 | D:6      | Noticed a gargoyle
  4995 | D:6      | Noticed misha's ghost (novice MiFi)
  5102 | D:6      | Found a glowing drain.
  5136 | Sewer    | Entered a sewer
  5159 | Sewer    | Reached skill level 9 in Crossbows
  5678 | Sewer    | Gained mutation: You are slightly vulnerable to magic.
                  | (MR-) [Ru sacrifice]
  5678 | Sewer    | Reached * piety under Ru
  5679 | Sewer    | Lost mutation: Your muscles are strong. (Str +2) [potion of
                  | mutation]
  5679 | Sewer    | Lost mutation: Your spells are a little harder to cast, but
                  | a little more powerful. [potion of mutation]
  5679 | Sewer    | Gained mutation: Your body sometimes deteriorates upon
                  | taking damage. [potion of mutation]
  5679 | Sewer    | Gained mutation: Your mind is acute. (Int +2) [potion of
                  | mutation]
  5927 | D:6      | Reached skill level 5 in Fighting
  5927 | D:6      | Reached skill level 5 in Dodging
  6036 | D:6      | Noticed a yak
  6040 | D:6      | Noticed a yak
  6059 | D:6      | Noticed a yak
  6060 | D:6      | Noticed a yak
  6074 | D:6      | Killed a yak
  6074 | D:6      | Reached XP level 9. HP: 54/54 MP: 7/9
  6082 | D:6      | Reached skill level 1 in Evocations
  6204 | D:6      | Reached skill level 10 in Crossbows
  6251 | D:6      | Found a transporter.
  6751 | D:7      | Reached skill level 1 in Transmutations
  6946 | D:7      | Reached skill level 1 in Spellcasting
  6979 | D:7      | Learned a level 3 spell: Spider Form
  7204 | D:7      | Lost mutation: Your body sometimes deteriorates upon taking
                  | damage. [potion of mutation]
  7204 | D:7      | Lost mutation: You have large cloven feet. [potion of
                  | mutation]
  7204 | D:7      | Lost mutation: Your mind is acute. (Int +2) [potion of
                  | mutation]
  7204 | D:7      | Gained mutation: You have very sharp teeth. [potion of
                  | mutation]
  7204 | D:7      | Gained mutation: You expend magic power (3 MP) to
                  | strengthen your wands. [potion of mutation]
  7204 | D:7      | Gained mutation: Your muscles are strong. (Str +2) [potion
                  | of mutation]
  7209 | D:7      | Found a burning altar of Makhleb.
  7394 | D:8      | Reached XP level 10. HP: 51/60 MP: 11/11
  7411 | D:8      | HP: 1/61 [orc warrior/cursed -3 trident (20)]
  7433 | D:8      | Reached skill level 5 in Staves
  7436 | D:8      | HP: 4/91 [orc warrior/cursed -3 trident (22)]
  7441 | D:8      | Slain by an orc warrior

Skill      XL: |  1  2  3  4  5  6  7  8  9 10 |
---------------+-------------------------------+-----
Crossbows      | 5 6 7 9 10 | 10.2
Fighting       | 3 4 5 6 7 |  7.0
Armour         | 1 2 |  2.1
Dodging        | 3 5 6 7 |  7.0
Stealth        | 2 3 4 |  4.0
Staves         | 1 2 3 4 5 |  5.3
Evocations     | 1 |  1.4
Transmutations | 1 |  1.7
Spellcasting   | 1 |  1.1
Short Blades   | |  0.8

Action                   |  1- 3 |  4- 6 |  7- 9 | 10-12 || total
-------------------------+-------+-------+-------+-------++-------
Melee: Dagger            |       |    28 |       |       ||    28
       Kick              |       |    34 |    29 |       ||    63
       Quarterstaff      |       |    63 |   142 |    17 ||   222
       Short sword       |       |    11 |       |       ||    11
       Bite              |       |       |     1 |     4 ||     5
 Fire: Hand crossbow     |    49 |    70 |   282 |       ||   401
 Cast: Sticks to Snakes  |       |       |     3 |       ||     3
Invok: Sacrifice Essence |       |       |     1 |       ||     1
 Abil: Evoke Berserk Rag |       |       |     4 |     1 ||     5
  Use: Scroll            |     3 |     4 |    11 |     1 ||    19
       Potion            |     1 |     1 |     4 |     1 ||     7
 Stab: Confused          |       |     3 |       |       ||     3
       Petrified         |       |       |     1 |       ||     1
       Paralysed         |       |       |     1 |       ||     1
  Eat: Chunk             |     8 |     7 |    17 |       ||    32
Armor: Leather armour    |       |    13 |       |       ||    13
       Robe              |       |     9 |    81 |    13 ||   103
Dodge: Dodged            |     9 |   115 |   428 |    47 ||   599
